 Dungeon Crawl Stone Soup version 0.30-a0-135-g630cfc4551 (webtiles) character file.

Game seed: 9783347059335352234

96 Flugkiller the Trooper (level 4, -3/38 (39) HPs)
             Began as a Formicid Hunter on Sept 20, 2022.
             Slain by a hell rat (6 damage)
             ... in a sewer.
             The game lasted 00:02:14 (1977 turns).

Flugkiller the Trooper (Formicid Hunter)            Turns: 1977, Time: 00:02:14

HP:   -3/38 (39)    AC:  3    Str: 16    XL:     4   Next: 98%
MP:   4/4           EV: 11    Int:  8    God:
Gold: 72            SH:  4    Dex: 19    Spells: 3/3 levels left

rFire   . . .      SeeInvis +    a - +0 shortbow
rCold   . . .      Faith    .    f - +0 buckler
rNeg    . . .      Spirit   .    c - +0 leather armour
rPois   .          Reflect  .    (helmet unavailable)
rElec   .          Harm     .    (no cloak)
rCorr   .          Rampage  .    (no gloves)
Will    .....                    (no boots)
Stlth   ++........               (no amulet)
HPRegen 0.12/turn                (no ring)
MPRegen 0.09/turn                (no ring)

@: lightly drained, invisible
A: permanent stasis, dig shafts and tunnels, antennae 3, four strong arms
a: Dig


You were in a sewer.
You visited 1 branch of the dungeon, and saw 3 of its levels.
You also visited: Sewer.

You collected 72 gold pieces.

Inventory:

Hand Weapons
 a - a +0 shortbow (weapon)
Missiles
 e - 6 javelins
Armour
 c - a +0 leather armour (worn)
 f - a +0 buckler (worn)
   (You found it on level 1 of the Dungeon)
Magical Staves
 n - a staff of death
   (You found it on level 2 of the Dungeon)
Scrolls
 b - a scroll of immolation
 g - a scroll of fear {unknown}
 m - a scroll of poison {unknown}
Potions
 d - a potion of might
 h - a potion of resistance {unknown}
 i - a potion of flight {unknown}
 j - a potion of attraction {unknown}
 l - 2 potions of brilliance
 o - a potion of curing {unknown}
 p - a potion of lignification {unknown}


   Skills:
 + Level 5.2 Fighting
 - Level 4.0 Ranged Weapons
 - Level 1.7 Dodging
 - Level 1.2 Stealth


You had 3 spell levels left.
You didn't know any spells.
Your spell library was empty.

Dungeon Overview and Level Annotations

Branches:
Dungeon (3/15) Zot: 16025   Sewer (1/1) Zot: 5919

Altars:
Dithmenos

Shops:
D:1 :


Innate Abilities, Weirdness & Mutations

You cannot be hasted, slowed, berserked, paralysed or teleported.
You can dig through walls and to a lower floor.
You have a pair of large antennae on your head. (SInv)
Your four strong arms can wield two-handed weapons with a shield.


Message History

Moving in this stuff is going to be slow.
You sense a monster nearby.
A rat comes into view.
A rat is nearby!
You shoot an arrow. The arrow hits the rat.
You kill the rat!
No target in view!
No target in view!
No target in view!
You enter the shallow water.
Moving in this stuff is going to be slow.
You enter the shallow water.
Moving in this stuff is going to be slow.
A rat comes into view.
A rat is nearby!
A rat is nearby!
You shoot an arrow.
The arrow hits the rat but does no damage.
You shoot an arrow. The arrow hits the rat.
You kill the rat!
No target in view!
No target in view!
No target in view!
No target in view!
No target in view!
No target in view!
You open the door.
A hell rat comes into view.
The hell rat roars deafeningly!
Found four items.
Found a gate leading back out of this place.
A hell rat is nearby!
You shoot an arrow. The arrow closely misses the hell rat.
No target in view!
No target in view!
No target in view!
No target in view!
No target in view!
No target in view!
No target in view!
You aren't carrying any items that you can evoke.
Unknown command.
Okay, then.
Okay, then.
You shoot an arrow. The arrow hits the hell rat.
The hell rat is lightly wounded.
You shoot an arrow.
The arrow hits the hell rat but does no damage.
The hell rat is lightly wounded.
The hell rat closely misses you. The hell rat barely misses you.
You shoot an arrow. The arrow hits the hell rat.
The hell rat is moderately wounded.
The hell rat bites you. The hell rat closely misses you.
You shoot an arrow. The arrow barely misses the hell rat.
You block the hell rat's attack.
You shoot an arrow. The arrow barely misses the hell rat.
You block the hell rat's attack. The hell rat bites you.
You shoot an arrow. The arrow barely misses the hell rat.
You block the hell rat's attack. The hell rat closely misses you.
You shoot an arrow. The arrow closely misses the hell rat.
The hell rat closely misses you.
You shoot an arrow.
The arrow completely misses the hell rat.
You block the hell rat's attack. The hell rat closely misses you.
You shoot an arrow. The arrow barely misses the hell rat.
The hell rat bites you but does no damage.
The hell rat misses you.
You shoot an arrow. The arrow closely misses the hell rat.
You block the hell rat's attack.
You shoot an arrow.
The arrow hits the hell rat but does no damage.
The hell rat is moderately wounded.
The hell rat misses you. The hell rat bites you.
You feel drained.
You shoot an arrow. The arrow closely misses the hell rat.
The hell rat bites you!
You are too injured to fight recklessly!
You fade into invisibility!
The hell rat barely misses you.
Unknown command.
The hell rat closely misses you.
You enter the shallow water.
Moving in this stuff is going to be slow. ...and don't expect to remain undetected.
The hell rat twitches its whiskers.
Fire: a) +0 shortbow
Press: ? - help, Q - select action, (/) - cycle Shift-Dir - straight line, f/p - hell rat
Aim: a hell rat (moderately wounded, unable to see you, 65% to hit)
You shoot an arrow. The arrow hits the hell rat.
The hell rat is heavily wounded.
The hell rat bites you!
* * * LOW HITPOINT WARNING * * *
The hell rat barely misses you.
Fire: a) +0 shortbow
Press: ? - help, Q - select action, (/) - cycle Shift-Dir - straight line, f/p - hell rat
Aim: a hell rat (heavily wounded, unable to see you, 65% to hit)
You shoot an arrow.
The arrow hits the hell rat but does no damage.
The hell rat is heavily wounded.
The hell rat bites you.
You die...

#########
###~.†∩~~.###
#..~~~∩.~~.~###
~~~.~#####..~.~#
~..###!∩
###~~.##
..##~?=! ##~~.#
~r ~.~~~ #~..#
~~~~ ##~@~# .~
#.~ ###~r.##
.~..##'##~.~~.#
#.†~~~..~~.~###
###..~.~..###
#########


You could see a hell rat (unable to see you).

Vanquished Creatures
  An adder (D:3)
  3 river rats (Sewer)
  A worm (D:2)
  3 bats (D:1)
  6 endoplasms
  6 giant cockroaches
  4 goblins
  5 hobgoblins
  2 kobolds
  4 quokkas
  6 ball pythons
  3 frilled lizards
  11 rats
55 creatures vanquished.

Notes
Turn   | Place    | Note
-------+----------+-------------------------------------------
     0 | D:1      | Flugkiller the Formicid Hunter began the quest for the Orb.
     0 | D:1      | Reached XP level 1. HP: 16/16 MP: 1/1
    82 | D:1      | Reached XP level 2. HP: 19/23 MP: 2/2
   113 | D:1      | Reached skill level 3 in Fighting
   247 | D:1      | Found Keowox's Book Boutique.
   345 | D:1      | Reached XP level 3. HP: 29/29 MP: 3/3
   870 | D:2      | Reached skill level 4 in Fighting
  1483 | D:2      | Found a faded altar of an unknown god.
  1653 | D:3      | Found a shadowy altar of Dithmenos.
  1679 | D:3      | Reached XP level 4. HP: 33/38 MP: 4/4
  1903 | D:3      | Found a glowing drain.
  1915 | Sewer    | Entered a sewer
  1920 | Sewer    | Reached skill level 5 in Fighting
  1977 | Sewer    | Slain by a hell rat

Illustrated notes

Levels and vault maps discovered:
D:1:      amcnicky_arrival_gap_in_the_tavern_cellar, layout_loops_ring,
          serial_shops, nicolae_shop_temple_entry_statues_fountains
D:2:      layout_basic, dilly_ecumenical_altar_fadedgnrine
D:3:      layout_basic, mainiacjoe_overflow_alcove_4,
          worldfamousw_hep_ancestral_shrine, gup_sewer_entry_spiral,
          st_stairs_2, hangedman_abyss_or_decor_stabs
Sewer:    sewer_hellmonk_bad_rat

Skill      XL: |  1  2  3  4 |
---------------+-------------+-----
Fighting       | 3 4 5 |  5.2
Ranged Weapons | |  4.0
Dodging        | |  1.7
Stealth        | |  1.2

Action                   |  1- 3 |  4- 6 || total
-------------------------+-------+-------++-------
 Fire: Shortbow          |    86 |    58 ||   144
 Abil: Dig               |       |     1 ||     1
  Use: Scroll            |       |     5 ||     5
       Potion            |       |     1 ||     1
Armor: Leather armour    |     9 |     8 ||    17
Dodge: Dodged            |    18 |    23 ||    41
Block: Buckler           |     8 |     9 ||    17

Table legend: (Time is in decaauts)
 A = Elapsed time spent in this place.
 B = Non-inter-level travel time spent in this place.
 C = Inter-level travel time spent in this place.
 D = Time resting spent in this place.
 E = Time spent auto-exploring this place.
 F = Levels seen in this place.
 G = Mean time per level.
                   A        B        C        D        E       F      G
               +--------+--------+--------+--------+--------+-----+--------+
         Total |   2053 |   1996 |     57 |    130 |   1466 |   4 |  513.2 |
       Dungeon |   1974 |   1917 |     57 |    130 |   1452 |   3 |  658.0 |
         Sewer |     79 |     79 |      0 |      0 |     13 |   1 |   79.0 |
               +--------+--------+--------+--------+--------+-----+--------+

Top non-repeatable levels by time:
     D:2: 928 daAuts
     D:1: 689 daAuts
     D:3: 356 daAuts
   Sewer: 79 daAuts
